[Event "*** Titled Tuesday Blitz"]
[Site "Chess.com"]
[Date "2018.06.05"]
[Round "6"]
[White "awesomevishesh"]
[Black "SamCopeland"]
[Result "1-0"]
[WhiteElo "2110"]
[BlackElo "2030"]
[TimeControl "180+2"]
[EndTime "14:30:08 PDT"]
[Termination "awesomevishesh won by checkmate"]

1. Nf3 f5 2. g3 Nf6 3. Bg2 g6 4. O-O Bg7 5. d4 O-O 6. b3 d6 7. Bb2 a5 8. c4 Qe8 9. Nc3 c6 10. Re1 e5 11. dxe5 dxe5 12. Ba3 Rf7 13. Na4 Rd7 14.
Qc2 e4 15. Nb6 exf3 16. exf3 Qd8 17. Nxa8 b5 18. cxb5 Bb7 19. Qc4+ Kh8 20. f4 Bxa8 21. bxc6 Rc7 22. Rad1 Qc8 23. Bd6 Rxc6 24. Bxc6 Nxc6 25. Be5 Qb7 26. Bxf6 Bxf6 27. Qd5 Nd4 28. Re8+ Kg7 29. Rg8+ Kh6 30. Rxd4 Bxd4 31. Qxb7 Bxb7 32. Rb8 Be4 33. Kf1 Kg7 34. Ke2 h6 35. f3 Bc6 36. a4 Kf6 37. b4 axb4 38. Rxb4 Ba7 39. a5 Ke6 40. a6 Kd6 41. Kd3 Kc5 42. Rc4+ Kd5 43. Rc1 Bb5+ 44. Kc3 Bd4+ 45. Kb4 Bxa6 46. Rc7 Be2 47.
Rd7+ Ke6 48. Rxd4 Bxf3 49. Kc5 g5 50. Rd6+ Kf7 51. Rxh6 gxf4 52. gxf4 Be4 53. Kd6 Bc2 54. Ke5 Bb1 55. Rf6+ Kg7 56. Rxf5 Bc2 57. Rg5+ Kf7 58. h4 Bb1 59. h5 Bc2 60. h6 Bb1 61. Rg7+ Kf8 62. f5 Bc2 63. f6 Bb1 64. h7 Bxh7 65.
Rxh7 Kg8 66. Rg7+ Kf8 67. Ke6 Ke8 68. Rg8# 1-0

[Event "*** Titled Tuesday Blitz"]
[Site "Chess.com"]
[Date "2018.06.05"]
[Round "6"]
[White "NormWeinstein"]
[Black "Tibmat"]
[Result "1/2-1/2"]
[WhiteElo "2381"]
[BlackElo "2411"]
[TimeControl "180+2"]
[EndTime "14:30:11 PDT"]
[Termination "Game drawn - insufficient material"]

1. e4 c5 2. Nf3 Nc6 3. Nc3 e5 4. Bc4 Be7 5. d3 Nf6 6. Ng5 O-O 7. f4 d6 8. O-O exf4 9. Bxf4 h6 10. Nf3 Be6 11. Nd5 Nb4 12. Nxb4 cxb4 13. Bxe6 fxe6 14. Kh1 d5 15. exd5 Qxd5 16. Be5 Rac8 17. Qe2 Nd7 18. c4 bxc3 19. Bxc3 Bf6 20. Bxf6 Rxf6 21. b3 Rff8 22.
h3 Rc6 23. Rae1 Rfc8 24. Qe4 Qxe4 25. Rxe4 Rc1 26. Kg1 Rxf1+ 27. Kxf1 Kf7 28. Rc4 Rxc4 29. dxc4 e5 30. Ke2 Ke6 31. Ke3 b6 32. Nd2 Nb8 33.
Ke4 Nd7 34. b4 a5 35. a3 axb4 36. axb4 Nf6+ 37. Ke3 Nd7 38. Ne4 Nb8 39. c5 bxc5 40. Nxc5+ Kd5 41. g4 Nc6 42. Nd3 Nd4 43. Ne1 g5 44. Nd3 e4 45. Ne1 Ke5 46. Kd2 Kf4 47.
Kc3 Nb5+ 48. Kc4 Na3+ 49. Kb3 Nb5 50. Kc4 Nc7 51. Kd4 e3 52. Ng2+ Kg3 53. Nxe3 Kxh3 54.
Kc5 Na6+ 55. Kc4 Nxb4 56. Kxb4 Kg3 57. Kc4 Kh4 58. Kd4 h5 59. gxh5 Kxh5 60. Ke4 Kh4 61. Kf3 Kh3 62. Ng4 Kh4 63. Nf6 g4+ 64. Kg2 Kg5 65. Ne4+ Kf4 66. Nf2 g3 67. Nh1 Kg4 68. Nxg3 1/2-1/2

[Event "*** Titled Tuesday Blitz"]
[Site "Chess.com"]
[Date "2018.06.05"]
[Round "6"]
[White "Keranke"]
[Black "Micki-taryan"]
[Result "1-0"]
[WhiteElo "2755"]
[BlackElo "2823"]
[TimeControl "180+2"]
[EndTime "14:30:13 PDT"]
[Termination "Keranke won by checkmate"]

1. d4 Nf6 2. c4 e6 3. g3 c5 4. Nf3 cxd4 5. Nxd4 Bb4+ 6. Nd2 O-O 7. Bg2 Nc6 8. Nc2 Be7 9. O-O d5 10. cxd5 Nxd5 11.
Ne4 b6 12. Ne3 Bb7 13. Nxd5 exd5 14. Nc3 d4 15. Nd5 Bc5 16. a3 a5 17. b3 Qd7 18. Bb2 Rad8 19. Rc1 Rfe8 20. Nf4 Ne5 21. Bxb7 Qxb7 22. Nd3 Nxd3 23. Qxd3 Qe7 24. Rc2 h5 25. a4 h4 26. Rd1 Qe6 27. Qf3 Rd5 28. Rd3 Rg5 29. Bxd4 hxg3 30. hxg3 Rf5 31. Qg4 Bxd4 32. Qxd4 Qh6 33. Qd7 Rfe5 34. Rc8 Rxc8 35. Qxc8+ Kh7 36. Rd8 Qe6 37. Qxe6 Rxe6 38. Kf1 Rc6 39. Rd5 f6 40.
Rb5 Kg6 41. Kg2 Re6 42. Kf3 Kf7 43. e4 Rc6 44. Kg4 Ke6 45. f4 Kf7 46. Kf5 Rc3 47.
Rxb6 Rxg3 48. Rb7+ Kg8 49. e5 fxe5 50. fxe5 Re3 51.
e6 Kh7 52. Rb5 Kg8 53. Rxa5 Re1 54. Rb5 Kf8 55. Rb8+ Ke7 56. Rb7+ Kd6 57. Rxg7 Rf1+ 58. Ke4 Kxe6 59. Rg6+ Kd7 60. Kd5 Ra1 61. Kc4 Kc8 62.
Kb5 Kb7 63. Rg7+ Kc8 64. b4 Rg1 65. Rxg1 Kb8 66. Kc6 Ka8 67. Kb6 Kb8 68. Rg8# 1-0

[Event "*** Titled Tuesday Blitz"]
[Site "Chess.com"]
[Date "2018.06.05"]
[Round "6"]
[White "littleplotkin"]
[Black "Justmig"]
[Result "1/2-1/2"]
[WhiteElo "2434"]
[BlackElo "2621"]
[TimeControl "180+2"]
[EndTime "14:30:20 PDT"]
[Termination "Game drawn by stalemate"]

1. e4 c6 2. d4 d5 3. Nd2 dxe4 4. Nxe4 Bf5 5. Ng3 Bg6 6. h4 h6 7. h5 Bh7 8. Nf3 e6 9. c3 Nf6 10. Be3 Be7 11. Qd2 Nd5 12. Bc4 O-O 13. O-O-O Nd7 14. Bd3 Bxd3 15. Qxd3 Qa5 16. Kb1 Rfd8 17. Ne4 N7f6 18.
Nxf6+ Nxf6 19. Ne5 Nd7 20. f4 c5 21. Rdf1 cxd4 22. Nxf7 Kxf7 23. Qg6+ Kg8 24. Qxe6+ Kh8 25. Bxd4 Bf6 26. Rd1 Bxd4 27. Rxd4 Nf6 28. Rb4 Re8 29.
Qh3 b6 30. g4 Ne4 31. Rh2 Rad8 32. a3 Rd1+ 33. Ka2 Qd5+ 34. c4 Qd3 35. Qxd3 Rxd3 36.
Rb5 Nc5 37. g5 Re4 38. b4 Na4 39. Rf5 Re8 40. Rg2 Nc3+ 41. Kb2 Nd1+ 42. Kc2 Ne3+ 43.
Kxd3 Nxf5 44. c5 bxc5 45. bxc5 Re3+ 46. Kc4 Rxa3 47. Rb2 hxg5 48. fxg5 Rh3 49. g6 Nh6 50. Rb8+ Ng8 51. c6 Rh1 52. Kd5 Rc1 53. Kd6 Rd1+ 54.
Kc7 a5 55. Kb7 Rb1+ 56. Ka7 Rc1 57. Rb6 a4 58. Kb7 a3 59. Ra6 a2 60. Rxa2 Rb1+ 61.
Kc8 Rb5 62. c7 Rc5 63. Rd2 Rc4 64. Rd8 Rxc7+ 65. Kxc7 1/2-1/2

[Event "*** Titled Tuesday Blitz"]
[Site "Chess.com"]
[Date "2018.06.05"]
[Round "6"]
[White "amiralfio"]
[Black "Slovak_fighter2000"]
[Result "1-0"]
[WhiteElo "2272"]
[BlackElo "2388"]
[TimeControl "180+2"]
[EndTime "14:30:25 PDT"]
[Termination "amiralfio won by resignation"]

1. d4 Nf6 2. Nf3 e6 3. c4 d5 4.
Nc3 c5 5. cxd5 Nxd5 6. g3 Nc6 7. Bg2 Nxc3 8. bxc3 cxd4 9. Nxd4 Nxd4 10. cxd4 Bb4+ 11.
Bd2 Bxd2+ 12. Qxd2 O-O 13. O-O Rb8 14. Rac1 b6 15.
Rfd1 Bb7 16. e4 Qd6 17. d5 exd5 18. exd5 Rbc8 19. Qe3 g6 20. h4 Rfe8 21. Rxc8 Rxc8 22. h5 gxh5 23. Qg5+ Qg6 24. Qe5 h4 25. d6 Bxg2 26. d7 Rd8 27. Qe8+ Kg7 28. Qxd8 hxg3 29. f4 h6 30. Qe7 Qc2 31. Qe5+ Kg6 32. f5+ Kh7 33.
Qd4 Bf3 34. Qd2 Qc5+ 35. Qd4 Qc2 36. Qd2 Qc5+ 37. Qd4 Qc2 38. Rd2 Qc1+ 39. Rd1 Bxd1 40. Kg2 Qc2+ 41. Kxg3 Qe2 42. d8=Q Qf3+ 43. Kh2 Qe2+ 44.
Kg1 Qe1+ 45. Kg2 Qe2+ 46. Qf2 Qg4+ 47. Qg3 Qe2+ 48. Kg1 Qg4 49. Qxg4 Bxg4 50. f6 Kg6 51. Kf2 Be6 52. Qc7 Bxa2 53. Qxa7 Be6 54. Qxb6 Kxf6 55. Kg3 Kg6 56. Kf4 h5 57. Qg1+ Bg4 58. Qg3 f6 59. Qd3+ Kg7 60. Qd6 Kg6 61. Qf8 Be6 62. Qe8+ Bf7 63.
Qe4+ Kg7 64. Qf5 Bg6 65. Qd7+ Kh6 66. Qe7 f5 67. Qf8+ Kh7 68. Kg5 h4 69. Qe7+ Kh8 70.
Kxg6 1-0

[Event "*** Titled Tuesday Blitz"]
[Site "Chess.com"]
[Date "2018.06.05"]
[Round "6"]
[White "TigranLPetrosyan"]
[Black "HanSchut"]
[Result "1-0"]
[WhiteElo "2808"]
[BlackElo "2255"]
[TimeControl "180+2"]
[EndTime "14:30:28 PDT"]
[Termination "TigranLPetrosyan won by resignation"]

1. e4 c5 2. Nc3 d6 3. f4 g6 4.
Bb5+ Bd7 5. Nf3 Bg7 6. O-O e6 7. Qe1 Ne7 8. d3 O-O 9. Bxd7 Qxd7 10. Qh4 Nbc6 11. Bd2 Nd4 12. Nxd4 Bxd4+ 13. Kh1 f5 14. Rae1 Bf6 15. Qh3 Nc6 16. Nd1 Rae8 17. c3 b5 18. Ne3 d5 19. e5 Bg7 20. Nd1 a5 21.
Nf2 d4 22. c4 bxc4 23. dxc4 Rb8 24. Nd3 Qe7 25. Qf3 Nb4 26. Bxb4 axb4 27. Ra1 Rfc8 28. a4 bxa3 29. Rxa3 Bf8 30. Rfa1 Qb7 31. Qxb7 Rxb7 32. Ra8 Rxa8 33. Rxa8 Kg7 34. Kg1 Rb3 35. Ra3 Rb7 36.
Kf2 h6 37. Ra6 Kf7 38. h4 Be7 39. g3 g5 40. h5 Rb3 41. Ke2 Rb7 42. Kd2 Bf8 43.
Kc2 Be7 44. Ra8 Bf8 45. Ra5 Rc7 46. b4 cxb4 47. Kb3 Be7 48. c5 gxf4 49. gxf4 Bh4 50. Rb5 Ke7 51. Kxb4 Kd7 52. Rb6 Be7 53. Kc4 Ra7 54. Kxd4 Ra4+ 55. Kc3 Ra3+ 56. Rb3 Ra4 57. Rb7+ Ke8 58. Rb8+ Kd7 59. Rb7+ Ke8 60. Rb4 Ra3+ 61. Kc4 Ra2 62. Rb8+ Kd7 63. Nb4 Rf2 64. c6+ Kc7 65. Rb7+ Kd8 66. Rd7+ Ke8 67. Rd4 Rb2 68. Kb5 Bxb4 69. Rxb4 Rxb4+ 70. Kxb4 Kd8 71. Kb5 Kc7 72. Kc5 1-0

[Event "*** Titled Tuesday Blitz"]
[Site "Chess.com"]
[Date "2018.06.05"]
[Round "6"]
[White "Zufi1811"]
[Black "GMSrinath"]
[Result "0-1"]
[WhiteElo "2465"]
[BlackElo "2674"]
[TimeControl "180+2"]
[EndTime "14:30:35 PDT"]
[Termination "GMSrinath won by resignation"]

1. e4 c5 2. Nf3 d6 3. d4 cxd4 4. Nxd4 Nf6 5. Nc3 Nc6 6. g3 e6 7. Bg2 Bd7 8. O-O Be7 9. h3 O-O 10. g4 Rc8 11. Nde2 d5 12. exd5 Nxd5 13. Nxd5 exd5 14. Be3 Qa5 15. c3 Rfd8 16. Qxd5 Qa6 17. Qf3 Ne5 18. Qe4 Bd6 19. Nd4 Re8 20. Qxb7 Qxb7 21. Bxb7 Rb8 22. Bd5 Rxb2 23. Rfb1 Ba3 24. Bc1 Rxb1 25. Rxb1 Bxc1 26. Rxc1 Nd3 27. Rb1 Nf4 28.
Rb7 Nxd5 29. Rxd7 Nxc3 30. Rxa7 h5 31. gxh5 Re5 32. a4 Rxh5 33. a5 Rxh3 34. Rc7 Nd5 35. Rc5 Nb4 36. Rc4 Na6 37. Rc6 Nb4 38. Rb6 Nd5 39.
Rb8+ Kh7 40. Nb3 Rh4 41. Nc5 Rc4 42. Nd7 Ra4 43. Rb5 Nf4 44. Nc5 Ra1+ 45. Kh2 Ra2 46. Kg3 Ne2+ 47. Kg4 f5+ 48. Kg5 Nd4 49. Rb7 Rxa5 50.
Nd7 Ne6+ 51. Kh4 Ra3 52. Ne5 Kh6 53. Nf7+ Kg6 54. Nh8+ Kf6 55. Rf7+ Ke5 56. Ng6+ Ke4 57. Re7 Kd5 58. f4 Kd6 59. Rf7 Ra1 60. Rxf5 Rh1+ 61.
Kg4 Rg1+ 62. Kh5 Rh1+ 63. Kg4 Kd7 64. Ne5+ Kd6 65. Rh5 Rg1+ 66. Kf5 g6+ 67. Nxg6 Ng7+ 68. Kf6 Nxh5+ 69. Kf7 Nxf4 0-1

[Event "*** Titled Tuesday Blitz"]
[Site "Chess.com"]
[Date "2018.06.05"]
[Round "6"]
[White "PowerThinking2650"]
[Black "ChrisTool2"]
[Result "0-1"]
[WhiteElo "2330"]
[BlackElo "2250"]
[TimeControl "180+2"]
[EndTime "14:30:35 PDT"]
[Termination "ChrisTool2 won by resignation"]

1. e4 c5 2. Nf3 e6 3. Nc3 a6 4.
g3 Nc6 5. Bg2 d6 6. O-O g6 7. d4 cxd4 8. Nxd4 Bg7 9. Be3 Nge7 10.
Qd2 O-O 11. Rad1 Ne5 12. b3 Qc7 13. h3 Rd8 14. f4 N5c6 15. Nce2 d5 16. e5 Bd7 17. g4 Rac8 18. Rc1 Nxd4 19. Nxd4 Qc3 20. Qxc3 Rxc3 21. Bd2 Rc7 22. c3 Rdc8 23. Rce1 g5 24. f5 Nc6 25. f6 Bh6 26. h4 Nxd4 27. cxd4 Rc2 28. Bxg5 Bxg5 29. hxg5 Rxa2 30. Rc1 Rcc2 31. Bf3 b5 32. b4 Rc4 33. Ra1 Ra4 34. Rxa4 bxa4 35.
Be2 Rxd4 36. Bxa6 Rxg4+ 37. Kf2 Rxg5 38. Rc1 Rxe5 39. Bd3 Kf8 40. Rc7 Ke8 41. b5 Kd8 42. b6 Rh5 43. Ra7 Rh2+ 44. Ke3 Rb2 45. b7 Kc7 46.
b8=Q+ Kxb8 47. Rxd7 a3 48. Rxf7 a2 49. Rf8+ Ka7 50.
f7 a1=Q 51. Ra8+ Kxa8 52. f8=Q+ Rb8 53. Qd6 Qe1+ 54. Kf3 Qd1+ 55. Ke3 Qg1+ 56. Kf3 Qh1+ 57. Ke3 Qh3+ 58. Kd2 Rb2+ 59. Kc3 Rb3+ 60. Kxb3 Qxd3+ 61. Ka4 Qc4+ 62. Ka5 d4 63. Qf8+ Kb7 64. Qe7+ Qc7+ 65. Qxc7+ Kxc7 66. Kb4 e5 67. Kc4 Kd6 68. Kd3 Kd5 69.
Ke2 e4 70. Kf2 Kc4 71. Ke2 Kc3 72. Kf2 Kc2 73. Kg3 d3 0-1

[Event "*** Titled Tuesday Blitz"]
[Site "Chess.com"]
[Date "2018.06.05"]
[Round "6"]
[White "Blackmind96"]
[Black "asms9699"]
[Result "0-1"]
[WhiteElo "2545"]
[BlackElo "2455"]
[TimeControl "180+2"]
[EndTime "14:30:35 PDT"]
[Termination "asms9699 won by resignation"]

1. d4 d5 2. c4 c6 3. Nf3 Nf6 4. Nc3 a6 5. a4 e6 6. Bg5 Be7 7.
e3 a5 8. Be2 Na6 9. O-O O-O 10.
Qb3 Nb4 11. Rfc1 b6 12. cxd5 exd5 13. Na2 c5 14. Nc3 c4 15. Qd1 Bf5 16. b3 Rc8 17.
bxc4 dxc4 18. Ne5 Be6 19. Nb5 Ne4 20. Bxe7 Qxe7 21. Nxc4 Qh4 22. Qe1 Bxc4 23. Bxc4 Rxc4 24. Rxc4 Nd3 25. Qe2 Ndxf2 26. Rf1 Ng4 27. g3 Nxg3 28.
hxg3 Qxg3+ 29. Kh1 Qh3+ 30. Kg1 Qg3+ 31. Kh1 Nxe3 32.
Rf3 Qh4+ 33. Kg1 Qg4+ 34. Kf2 Nxc4 35. Qxc4 Qh4+ 36. Kg2 Qg4+ 37. Rg3 Qe4+ 38. Kh2 h5 39. Nc3 Qf4 40. Nd5 Qf2+ 41. Rg2 Qh4+ 42. Kg1 Re8 43.
Rf2 Re1+ 44. Rf1 Qg3+ 45. Kh1 Qf3+ 46. Kg1 Rxf1+ 47. Qxf1 Qxd5 48. Qf4 Qd8 49. Qe5 Qf6 50. Qe8+ Kh7 51. Qe3 Kg6 52. Qe4+ Kh6 53. Kh2 Qd6+ 54. Kh1 f5 55. Qe3+ f4 56. Qe4 Kg5 57. d5 Kf6 58.
Qd4+ Kf7 59. Qe4 Qf6 60. Kg2 f3+ 61. Kf2 h4 62. Qc4 Qd6 63. Kxf3 g5 64. Kg4 Qf4+ 65.
Qxf4+ gxf4 66. Kxh4 Ke7 67. Kg4 Kd6 68. Kxf4 Kxd5 0-1

[Event "*** Titled Tuesday Blitz"]
[Site "Chess.com"]
[Date "2018.06.05"]
[Round "6"]
[White "ChessicallyInclined"]
[Black "LornerAcosta"]
[Result "0-1"]
[WhiteElo "2236"]
[BlackElo "2317"]
[TimeControl "180+2"]
[EndTime "14:30:42 PDT"]
[Termination "LornerAcosta won by checkmate"]

1. d4 d5 2. c4 e6 3. Nc3 Nf6 4.
cxd5 exd5 5. Bg5 c6 6. Qc2 Be7 7. e3 Nbd7 8. Bd3 O-O 9. Nge2 Re8 10. O-O Nf8 11. f3 Ng6 12. Rad1 Be6 13. Kh1 Nh5 14.
Bxe7 Qxe7 15. g4 Nf6 16. Ng3 Rac8 17. g5 Nd7 18. f4 Bg4 19. Rde1 Ndf8 20. Kg2 Nh4+ 21.
Kh1 Nf3 22. Re2 Nh4 23. Ree1 Qd6 24. Be2 Bh3 25. Rg1 Rxe3 26. Qd2 Rce8 27. Bd1 Qxf4 28. Rxe3 Qxe3 29. Qxe3 Rxe3 30. Bb3 Nf3 31. Rd1 Nxg5 32.
Nf1 Re8 33. Kg1 Bg4 34. Rd3 Bf5 35. Rg3 Ne4 36. Nxe4 Bxe4 37. Ne3 Ng6 38. Kf2 f6 39.
h4 Nxh4 40. Ng4 Ng6 41. Bd1 Kf7 42. b4 Ne7 43. Bb3 Nf5 44. Rh3 Nxd4 45. Bd1 Bf5 46. Ra3 a6 47. Rc3 Bxg4 48. Bxg4 f5 49. Bh5+ g6 50.
Bd1 Kf6 51. Rd3 Nb5 52. a4 Nd6 53. Bb3 h5 54. Kg3 g5 55. Kf3 h4 56. Rd1 g4+ 57.
Kf2 Kg5 58. b5 axb5 59. axb5 Nxb5 60. Bc2 Nd6 61. Rd2 Ne4+ 62. Bxe4 Rxe4 63. Ra2 b5 64. Ra8 h3 65. Kg3 Re3+ 66. Kh2 Kf4 67. Rc8 Rc3 68. Re8 Rc2+ 69. Kh1 g3 70. Re1 d4 71. Rf1+ Rf2 72. Ra1 c5 73. Kg1 b4 74. Ra5 Rd2 75. Ra1 Rf2 76.
Re1 b3 77. Rb1 c4 78. Kh1 c3 79. Re1 b2 80. Rg1 Rh2# 0-1

[Event "*** Titled Tuesday Blitz"]
[Site "Chess.com"]
[Date "2018.06.05"]
[Round "6"]
[White "Iball95"]
[Black "SergeiAza"]
[Result "1/2-1/2"]
[WhiteElo "2552"]
[BlackElo "2623"]
[TimeControl "180+2"]
[EndTime "14:30:48 PDT"]
[Termination "Game drawn by stalemate"]

1. d4 Nf6 2. Bf4 g6 3. Nc3 d5 4.
e3 Bg7 5. h4 h5 6. Nf3 O-O 7.
Ne5 c5 8. Be2 Qb6 9. Na4 Qa5+ 10. c3 Nbd7 11. Nxd7 Nxd7 12. dxc5 b5 13. c6 bxa4 14. cxd7 Bxd7 15. a3 e5 16. Bg3 Rab8 17. Rb1 Bf5 18. Bd3 Bxd3 19. Qxd3 e4 20. Qc2 Rb3 21.
O-O Qb5 22. Rfd1 Rc8 23. Qd2 Rcxc3 24. Qxd5 Qxd5 25. Rxd5 Rc2 26. Ra5 Rcxb2 27. Rxb2 Bxb2 28. Rxa4 Rxa3 29. Rxe4 a5 30. Re8+ Kg7 31. Be5+ Bxe5 32. Rxe5 Ra1+ 33. Kh2 a4 34. Ra5 a3 35. e4 Kf6 36. f4 Ke6 37. Ra6+ Kd7 38. Ra7+ Ke6 39.
Ra6+ Ke7 40. Ra7+ Ke8 41. Ra8+ Ke7 42. Ra7+ Kf8 43. e5 Kg8 44. g3 Kf8 45. Ra8+ Ke7 46.
Ra7+ Ke6 47. Kg2 a2 48. Kh2 Kd5 49. Kg2 Ke4 50. Ra4+ Kf5 51. Ra7 Kg4 52. Ra4 Rb1 53. Rxa2 Rb3 54. Ra7 Rxg3+ 55. Kh2 Rh3+ 56. Kg2 Rg3+ 57.
Kh2 Re3 58. Rxf7 Re2+ 59. Kg1 Kxh4 60. Rf6 Kg3 61. Rxg6+ Kxf4 62. e6 Kf5 63. Rh6 Kg5 64. Rh8 Rxe6 65. Rg8+ Kh4 66. Kh2 Re3 67. Rg2 Rd3 68.
Ra2 Rh3+ 69. Kg2 Rg3+ 70. Kh2 Rf3 71. Ra4+ Kg5 72. Ra5+ Kg4 73. Ra4+ Rf4 74. Rxf4+ Kxf4 75. Kh3 Kg5 76. Kg3 h4+ 77. Kh3 Kh5 78. Kh2 Kg4 79.
Kg2 h3+ 80. Kh2 Kh4 81. Kh1 Kg3 82. Kg1 h2+ 83. Kh1 Kh3 1/2-1/2

[Event "*** Titled Tuesday Blitz"]
[Site "Chess.com"]
[Date "2018.06.05"]
[Round "6"]
[White "aqmarkin"]
[Black "UNDERTAKER2001"]
[Result "1/2-1/2"]
[WhiteElo "2210"]
[BlackElo "2349"]
[TimeControl "180+2"]
[EndTime "14:30:56 PDT"]
[Termination "Game drawn - insufficient material"]

1. e4 e6 2. d4 d5 3. Nc3 Nf6 4. Bg5 Be7 5. e5 Nfd7 6. h4 O-O 7.
Nh3 h6 8. Bxe7 Qxe7 9. Nf4 c5 10.
Bb5 cxd4 11. Qxd4 a6 12. Bxd7 Bxd7 13. Nd3 b5 14. O-O Nc6 15. Qg4 b4 16. Ne2 Rac8 17. Rac1 f6 18. f4 f5 19. Qg3 Na5 20. Nd4 Nc4 21. Qf2 Bb5 22. Rfd1 Rc7 23. g3 Rfc8 24. Qe1 Qf7 25. b3 Na3 26. Nxb4 Rc3 27. Qf2 Qg6 28. Kh2 a5 29. Nxb5 Nxb5 30. Nd3 Na3 31. Rd2 Qg4 32. Ne1 g5 33. hxg5 hxg5 34.
Rd3 gxf4 35. Qxf4 Qe2+ 36. Kg1 Kf7 37. Qg5 Rxd3 38. Qf6+ Ke8 39. Qxe6+ Kd8 40. Qd6+ Ke8 41. Qe6+ Kd8 42. Qf6+ Kc7 43. cxd3+ Nc4 44. Qe7+ Kb6 45. Qg5 Rg8 46. Qxg8 Qe3+ 47. Kg2 Qd2+ 48. Kh3 Qh6+ 49. Kg2 Qd2+ 50. Kh3 Qxc1 51. Qe6+ Kb5 52. Nf3 Qh1+ 53.
Nh2 Ne3 54. Qd7+ Kb4 55. Qb7+ Kc3 56. Qc7+ Kd2 57. Qxa5+ Ke2 58. Qc3 Qg2+ 59. Kh4 Qxh2+ 60. Kg5 Qxg3+ 61. Kf6 Qh4+ 62. Kf7 Qh7+ 63. Kf6 Ng4+ 64. Kg5 Qg7+ 65. Kxf5 Ne3+ 66. Ke6 Qg8+ 67. Kd6 Qd8+ 68.
Ke6 Qe8+ 69. Kd6 Kf3 70. e6 Nf5+ 71. Kxd5 Qd8+ 72. Kc4 Qc7+ 73. Kb4 Qb6+ 74. Ka3 Qxe6 75. d4+ Ke4 76. Qe1+ Kd5 77. Qxe6+ Kxe6 78. Kb4 Nxd4 79.
a4 Nc6+ 80. Kb5 Kd7 81. a5 Kc7 82. a6 Nd4+ 83. Kc4 Nxb3 84. Kxb3 Kb6 85. a7 Kxa7 1/2-1/2

[Event "*** Titled Tuesday Blitz"]
[Site "Chess.com"]
[Date "2018.06.05"]
[Round "6"]
[White "Robert_Chessmood"]
[Black "BartoszSocko"]
[Result "0-1"]
[WhiteElo "2720"]
[BlackElo "2633"]
[TimeControl "180+2"]
[EndTime "14:31:06 PDT"]
[Termination "BartoszSocko won by resignation"]

1. e4 e6 2. d4 d5 3. Nc3 Bb4 4. exd5 exd5 5. Bd3 Nc6 6. Nf3 Be6 7. O-O Qd7 8. Ne2 Nge7 9. c3 Bd6 10. Bf4 O-O-O 11. b4 Bg4 12. Ne5 Bxe5 13. dxe5 Ng6 14. f3 Bf5 15. Bb5 Nxf4 16. Nxf4 a6 17. Bxc6 Qxc6 18.
Qd4 Rhe8 19. a4 g5 20. Nh5 Re7 21. Nf6 h6 22. Qa7 b6 23. Qxa6+ Kb8 24. a5 Rxe5 25. axb6 Qxb6+ 26. Qxb6+ cxb6 27. Ra6 Bd3 28. Rxb6+ Kc7 29. Rd1 Be2 30. Nxd5+ Rexd5 31. Rxd5 Rxd5 32. Rxh6 Bd3 33. h4 gxh4 34. Rxh4 Bg6 35. c4 Rd2 36. Rf4 Rb2 37. c5 Kc6 38. Kh2 Kb5 39. Kh3 Rd2 40. g4 Rd7 41.
Kh4 Bd3 42. Kg5 Bc4 43. Re4 Kxb4 44. c6 Rc7 45. f4 Rxc6 46. f5 Kc5 47. Kf4 Bd5 48. Re1 Rb6 49. g5 Kd6 50. g6 f6 51. Re8 Rb4+ 52. Kg3 Rb3+ 53. Kg4 Rb4+ 54. Kh5 Rf4 55. Kh6 Rxf5 56. Rd8+ Ke5 57. g7 Rg5 58.
Re8+ Kf5 59. Rd8 Bf7 60. g8=Q Rxg8 61. Rd7 Be6 62. Rd1 Rg4 63. Rf1+ Rf4 64. Ra1 Ke5 65. Kg6 Rg4+ 66. Kh5 f5 67. Ra8 Rg1 68. Ra5+ Bd5 69. Kh4 f4 70. Kh3 f3 71. Kh2 f2 72. Ra4 Rg2+ 73.
Kh3 f1=Q 0-1

[Event "*** Titled Tuesday Blitz"]
[Site "Chess.com"]
[Date "2018.06.05"]
[Round "6"]
[White "Ali_rastbod"]
[Black "nurmiTV"]
[Result "1/2-1/2"]
[WhiteElo "2515"]
[BlackElo "2497"]
[TimeControl "180+2"]
[EndTime "14:31:10 PDT"]
[Termination "Game drawn - insufficient material"]

1. d4 Nf6 2. Bg5 e6 3. Nd2 d5 4. e3 b6 5. c3 Be7 6. Ngf3 Bb7 7. Bd3 Nbd7 8. Ne5 h6 9. Bh4 Nxe5 10. dxe5 Nd7 11.
Bxe7 Qxe7 12. f4 g5 13. Qh5 Qc5 14. Qe2 O-O-O 15. Nf3 f6 16. exf6 gxf4 17. exf4 Rhf8 18. O-O-O Rxf6 19. g3 d4 20. Nxd4 Bxh1 21. Rxh1 e5 22.
fxe5 Nxe5 23. Bc2 Nc4 24. Kb1 Kb8 25. Rd1 Rfd6 26. Qe4 Ne5 27. Re1 Nc6 28. Ne6 Rxe6 29. Qxe6 a5 30. Qxh6 Qf2 31. Qe3 Qxh2 32. Be4 Rd6 33. Qf3 Nd8 34. Rd1 Rd2 35. Rxd2 Qxd2 36. a3 a4 37. Bc2 Qe1+ 38. Ka2 Qe6+ 39. Kb1 b5 40. Qf2 Nb7 41. Qg1 Nd6 42. g4 Ne8 43. g5 Ng7 44. g6 Qe7 45. Qd4 Kb7 46. Qd5+ c6 47. Qf7 Qxf7 48. gxf7 Ne6 49. Bf5 Nf8 50. Kc2 Kc7 51. Bg4 Kd6 52. Kd3 Ng6 53. Bh5 Nf8 54. Ke4 Ke6 55. Be2 Kxf7 56. c4 bxc4 57. Bxc4+ Ke7 58. Kd4 Kd6 59. Be2 Nd7 60. Bd1 Nb6 61. Bc2 c5+ 62. Kc3 Kd5 63. Bd1 Ke4 64.
Bh5 Ke3 65. Bf7 Ke4 66. Bg8 Ke5 67. Kd3 Kf4 68. Bf7 Kf3 69. Ba2 Kf4 70. Bb1 Ke5 71. Bc2 Kd5 72. Bd1 Ke5 73. Bf3 Kf4 74. Bh1 Ke5 75. Bc6 Kf4 76. Bg2 Ke5 77. Kc3 Kd6 78. b3 axb3 79. Kxb3 Ke5 80. a4 Nxa4 81. Kxa4 Kd4 82.
Kb3 c4+ 83. Kc2 c3 84. Bh1 Ke3 85. Kxc3 1/2-1/2

[Event "*** Titled Tuesday Blitz"]
[Site "Chess.com"]
[Date "2018.06.05"]
[Round "6"]
[White "milovanratkovic"]
[Black "VerdeNotte"]
[Result "1-0"]
[WhiteElo "2559"]
[BlackElo "2622"]
[TimeControl "180+2"]
[EndTime "14:31:18 PDT"]
[Termination "milovanratkovic won on time"]

1. d4 Nf6 2. Bg5 d5 3. e3 c5 4.
Nc3 Nc6 5. a3 e6 6. Nf3 cxd4 7.
exd4 Be7 8. Bd3 h6 9. Bxf6 Bxf6 10. Ne2 Bd7 11. O-O Qc7 12. c3 g5 13. Re1 h5 14.
Qd2 Na5 15. Qe3 Rg8 16. Ne5 Bxe5 17. dxe5 Nc4 18. Bxc4 dxc4 19. Nd4 Bc6 20. Nxc6 Qxc6 21. Rad1 Rd8 22. Qxa7 Ke7 23. Qe3 Rd5 24. Qf3 g4 25. Qf6+ Ke8 26. Qh6 Qd7 27. Rxd5 Qxd5 28. Qh7 Kf8 29.
Qxh5 Qd2 30. Rb1 Rg5 31. Qh8+ Ke7 32. Qb8 Qd5 33. Re1 Rf5 34. Qc7+ Ke8 35. a4 Qd2 36.
Qc8+ Ke7 37. Qxb7+ Kf8 38. Rf1 Kg7 39. Qe4 Rf4 40.
Qe3 Qxe3 41. fxe3 Re4 42. a5 Rxe5 43. Ra1 Rd5 44. a6 Rd8 45. a7 Ra8 46. e4 f5 47.
exf5 exf5 48. g3 Kf6 49. Kf2 Ke5 50. Ke3 Kd5 51. Ra5+ Kc6 52. Kd4 Kb6 53. Ra4 Kb7 54.
Kxc4 Rc8+ 55. Kb3 Ka8 56. Ra5 Rf8 57. Ka3 f4 58. gxf4 Rxf4 59. Ra4 Rf2 60. Rxg4 Rxh2 61. Ra4 Rh1 62. b4 Ra1+ 63. Kb3 Rb1+ 64. Kc4 Rh1 65.
Ra5 Rh4+ 66. Kb3 Rh3 67. b5 Rh1 68. Kb4 Rb1+ 69. Kc5 Rh1 70. b6 1-0

[Event "*** Titled Tuesday Blitz"]
[Site "Chess.com"]
[Date "2018.06.05"]
[Round "6"]
[White "FranklinAPalomo"]
[Black "Orest_Vovk"]
[Result "1-0"]
[WhiteElo "2330"]
[BlackElo "2380"]
[TimeControl "180+2"]
[EndTime "14:31:22 PDT"]
[Termination "FranklinAPalomo won by resignation"]

1. Nf3 h6 2. c4 g5 3. h3 Bg7 4. Nc3 c5 5. e3 Nc6 6. a3 d6 7.
Qc2 Nf6 8. b3 Bd7 9. Bb2 Qc8 10.
Bd3 g4 11. hxg4 Nxg4 12. Rc1 Nce5 13. Nxe5 Nxe5 14. Be4 Bc6 15. Ke2 Qg4+ 16. Kf1 f5 17.
Bxc6+ bxc6 18. Ne2 Qe4 19. Qxe4 fxe4 20. Rh4 O-O 21.
Bxe5 Bxe5 22. Rxe4 Rab8 23. Rb1 Rb7 24. d4 cxd4 25. exd4 Bf6 26. b4 Rfb8 27. Re3 a5 28. Reb3 Kf7 29. f3 d5 30. cxd5 cxd5 31. b5 a4 32. Rb4 e6 33. Nc3 Be7 34. Rxa4 Rc7 35. Ne2 Rcb7 36. Nc3 Rc7 37. Rb3 Rbc8 38. Ne2 Rb8 39.
Ra6 Rc4 40. a4 e5 41. dxe5 Bc5 42. Rd3 Rh4 43. g4 Rh2 44. Rxd5 Be3 45. e6+ Ke8 46.
Re5 Bg5 47. f4 Bh4 48. e7 Bxe7 49. Rae6 Rb7 50. Nd4 Rd7 51. Re4 Kf7 52. Rxe7+ Rxe7 53. Rxe7+ Kxe7 54. a5 Kd6 55. a6 Kc7 56. Nf5 Kb6 57. Kg1 Rb2 58. Nxh6 Rxb5 59. Kf2 Kxa6 60. Kg3 Kb6 61.
g5 Kc6 62. Kg4 Kd6 63. f5 Ke7 64. Kh5 Kf8 65. Kg6 Rb6+ 66. f6 Ra6 67. Kh7 Ra7+ 68. Kg6 Ra6 69. Nf5 Kg8 70. Ne7+ Kf8 71. Nd5 Rd6 72.
Nf4 Ra6 73. Kh6 Kf7 74. Nh5 Ra8 75. g6+ Ke6 76. Kg7 Kf5 77. f7 Kg5 78. Nf6 Kf5 79.
Nh7 1-0